Map: Abyssal Reef LE

Players

eXile - Winner!

  • Race: Zerg Zerg
  • League: Platinum
  • Spawn Location: 5:00

DarkFart

  • Race: Protoss Protoss
  • League: Platinum
  • Spawn Location: 11:00

VOD

Have the link to the VOD?

Description

Time

  • Played on: Sept. 19, 2017, 8:10 a.m.
  • Length: 14:07
Show
View Real Time Build Order
Export as new Build Order

eXile Zerg - Winner!

Build Orders: Hatch First, Muta Ling Bane 

Get SALT Encoding   

  12  0:02  Drone  
  13  0:13  Overlord  
  13  0:20  Drone  
  14  0:33  Drone  
  15  0:49  Hatchery  
  14  0:52  Drone  
  14  0:55  Extractor  
  15  0:57  Drone  
  15  1:14  Spawning Pool  
  15  1:17  Drone  
  15  1:22  Drone  
  16  1:35  Drone  
  16  1:36  Drone  
  16  1:39  Drone  
  19  1:50  Overlord  
  19  2:00  Metabolic Boost  
  19  2:06  Queen  
  21  2:15  Queen  
  23  2:25  Zergling x4  
  23  2:27  Zergling x2  
  26  2:35  Drone x2  
  26  2:36  Drone  
  29  2:42  Zergling x2  
  29  2:43  Zergling x2  
  31  2:48  Drone  
  32  2:52  Overlord  
  32  3:02  Zergling x4  
  34  3:26  Hatchery  
  33  3:28  Drone x4  
  33  3:29  Drone x2  
  39  3:37  Spore Crawler  
  39  3:39  Spore Crawler  
  36  3:54  Pneumatized Carapace  
  36  4:01  Evolution Chamber x2  
  36  4:02  Extractor  
  33  4:06  Baneling Nest  
  32  4:21  Drone x3  
  32  4:22  Drone x3  
  32  4:23  Zergling x8  
  42  4:38  Zerg Melee Weapons Level 1  
  39  5:07  Drone  
  39  5:08  Drone x8  
  39  5:09  Drone  
  39  5:10  Overlord  
  49  5:14  Baneling  
  48  5:29  Zergling x2  
  48  5:30  Zergling x14  
  55  5:36  Zergling x4  
  57  6:02  Overlord x2  
  57  6:03  Overlord  
  57  6:04  Lair  
  57  6:13  Overlord  
  42  6:43  Zerg Ground Armor Level 1  
  42  6:53  Baneling x2  
  42  6:54  Baneling  
  42  6:58  Zergling x14  
  42  6:59  Zergling x8  
  53  7:06  Spire  
  52  7:08  Drone  
  52  7:09  Drone x8  
  52  7:10  Drone x3  
  52  7:14  Extractor  
  52  7:15  Extractor  
  62  7:16  Extractor  
  62  7:17  Extractor  
  62  7:18  Drone x2  
  62  7:19  Queen  
  64  7:23  Queen  
  64  7:29  Zerg Melee Weapons Level 2  
  66  7:32  Baneling x3  
  66  7:33  Baneling x4  
  66  7:49  Drone x5  
  66  7:50  Drone x2  
  72  8:00  Zergling x10  
  72  8:01  Zergling x4  
  79  8:12  Zergling x12  
  85  8:13  Zergling x2  
  86  8:25  Mutalisk x2  
  90  8:28  Overlord x3  
  90  8:34  Overlord  
  90  8:39  Centrifical Hooks  
  90  8:41  Zerg Flyer Weapons Level 1  
  90  8:44  Zerg Ground Armor Level 2  
  90  8:46  Mutalisk x2  
  94  8:52  Baneling x3  
  94  8:54  Baneling  
  94  9:02  Zergling x8  
  98  9:03  Zergling x8  
  102  9:10  Queen  
  102  9:15  Drone x4  
  107  9:40  Overlord  
  107  9:41  Overlord  
  106  9:46  Queen  
  108  10:14  Mutalisk x5  
  108  10:15  Mutalisk x6  
  108  10:19  Overseer  
  108  10:20  Overseer  
  130  10:40  Overlord x4  
  130  10:53  Hatchery  
  129  11:00  Drone x2  
  129  11:01  Drone x12  
  143  11:13  Zergling x8  
  143  11:14  Zergling x16  
  143  11:15  Zergling x4  
  157  11:19  Hatchery  
  156  11:39  Overlord  
  156  11:40  Overlord x2  
  156  11:45  Infestation Pit  
  155  11:56  Overlord x6  
  155  12:08  Drone x3  
  156  12:09  Drone x8  
  156  12:10  Drone x2  
  168  12:15  Overlord  
  168  12:16  Overlord x3  
  168  12:30  Baneling x3  
  168  12:31  Baneling x8  
  168  12:32  Zergling x10, Baneling  
  168  12:33  Zergling x16  
  130  13:00  Zergling x8  
  130  13:01  Zergling x16  
  130  13:02  Zergling x14  
  141  13:11  Zergling x6  
  140  13:19  Zergling x10  
  146  13:20  Zergling x2  
  146  13:27  Mutalisk x5  
Show
View Real Time Build Order
Export as new Build Order

DarkFart Protoss 

Build Orders: 1 Gate Expand 

Get SALT Encoding   

  12  0:01  Probe (Chrono Boost)  
  13  0:12  Probe (Chrono Boost)  
  14  0:18  Pylon  
  14  0:22  Probe (Chrono Boost)  
  15  0:37  Pylon  
  15  0:55  Probe (Chrono Boost)  
  15  0:56  Gateway  
  16  1:04  Assimilator  
  16  1:06  Probe (Chrono Boost)  
  17  1:16  Probe (Chrono Boost)  
  18  1:27  Probe (Chrono Boost)  
  19  1:34  Nexus  
  19  1:37  Probe (Chrono Boost)  
  20  1:48  Probe (Chrono Boost)  
  20  1:52  Cybernetics Core  
  21  1:55  Assimilator  
  21  1:58  Probe (Chrono Boost)  
  22  2:02  Pylon  
  22  2:11  Probe (Chrono Boost)  
  23  2:22  Probe (Chrono Boost)  
  24  2:26  Gateway  
  24  2:32  Pylon  
  24  2:35  Warp Gate (Chrono Boost)  
  24  2:38  Adept (Chrono Boost)  
  26  2:45  Probe  
  27  2:56  Robotics Facility  
  27  2:57  Probe  
  28  3:07  Probe  
  28  3:08  Assimilator  
  28  3:10  Assimilator  
  29  3:13  Adept (Chrono Boost)  
  29  3:19  Probe  
  34  3:27  Sentry  
  34  3:31  Probe  
  35  3:42  Twilight Council  
  35  3:43  Probe  
  36  3:55  Probe  
  36  3:59  Adept, Twilight Council  
  37  4:06  Immortal  
  37  4:08  Probe  
  44  4:15  Adept  
  46  4:20  Probe  
  47  4:27  Pylon, Mothership Core  
  49  4:32  Probe  
  49  4:34  Adept  
  52  4:44  Probe  
  53  4:56  Probe  
  50  5:08  Probe  
  51  5:20  Probe  
  52  5:23  Nexus  
  52  5:31  Immortal  
  56  5:40  Pylon  
  56  5:44  Pylon  
  56  5:46  Assimilator  
  56  5:50  Assimilator  
  56  5:52  Pylon  
  56  5:54  Gateway x2, Resonating Glaives  
  56  5:57  Gateway  
  56  6:02  Gateway  
  56  6:03  Gateway  
  56  6:04  Pylon  
  56  6:14  Templar Archives  
  56  6:20  Pylon  
  56  6:23  Observer (Chrono Boost)  
  51  6:38  Probe  
  50  6:45  Gateway  
  50  6:48  Gateway, Probe  
  50  6:52  Pylon  
  51  6:56  Gateway  
  51  6:59  Probe  
  51  7:00  Pylon  
  52  7:08  Adept x2  
  52  7:09  Probe  
  57  7:20  Probe  
  57  7:21  Gateway  
  58  7:29  Immortal (Chrono Boost)  
  58  7:30  Probe  
  63  7:41  Probe  
  64  7:46  Blink (Chrono Boost)  
  64  7:51  Probe  
  61  7:59  Probe  
  61  8:00  Nexus  
  61  8:02  Assimilator  
  61  8:04  Stalker  
  64  8:06  Assimilator  
  64  8:09  Pylon, Stalker  
  64  8:11  Probe  
  67  8:23  Pylon, Probe  
  68  8:27  Pylon  
  68  8:35  Probe  
  69  8:42  Psionic Storm  
  69  8:47  Adept  
  69  8:48  Probe, Adept x5  
  82  9:00  Probe  
  83  9:10  Probe  
  83  9:12  Forge  
  83  9:13  Forge  
  84  9:19  Pylon  
  84  9:21  Probe  
  85  9:25  Stalker  
  87  9:31  Probe  
  88  9:49  Protoss Ground Armor Level 1, Protoss Ground Weapons Level 1  
  88  9:54  High Templar x3  
  88  9:55  Photon Cannon  
  88  9:57  Photon Cannon  
  94  10:12  Immortal  
  94  10:16  Robotics Facility  
  94  10:20  High Templar x2  
  102  10:23  Stalker  
  104  10:35  Photon Cannon  
  104  10:38  Photon Cannon  
  104  10:49  Stargate  
  103  10:54  Photon Cannon  
  103  10:59  Pylon  
  103  11:05  Pylon  
  103  11:07  Pylon  
  103  11:08  Photon Cannon  
  103  11:17  Stalker  
  105  11:27  Stalker x2  
  109  11:42  Immortal  
  113  11:50  Fleet Beacon  
  113  11:53  High Templar x2  
  117  12:04  Photon Cannon  
  117  12:08  High Templar x4  
  119  12:10  Archon  
  125  12:23  Immortal  
  129  12:42  Probe  
  103  12:55  High Templar  
  103  12:57  High Templar  
  90  13:00  High Templar  
  84  13:10  Stalker x4  
  84  13:11  Stalker x2  
  92  13:19  Stalker x3  
  91  13:38  Stalker  
  91  13:39  Stalker x2  
  92  13:44  Adept  
  92  13:49  Probe  
  93  13:59  Stalker  
Tags
 
Add a new tag
Caveats
  • Supply blocks, unpowered buildings, or Contaminate may cause inaccurate times.
  • Supply counts are checked every 10 seconds.